 Dungeon Crawl Stone Soup version 0.30.1-4-g462c640d31 (webtiles) character file.

Game seed: 3943634781554071519

23012 GimliDwarf the Fighter (level 13, -13/83 HPs)
             Began as a Gnoll Wanderer on Aug 11, 2023.
             Was a Priest of Dithmenos.
             Killed from afar by a wretched star (29 damage)
             ... with a lance of force
             ... on level 3 of the Abyss.
             The game lasted 00:56:24 (15199 turns).

GimliDwarf the Fighter (Gnoll Wanderer)            Turns: 15199, Time: 00:56:25

Health: -13/83     AC: 10    Str:  8    XL:     13   Next: 4%
Magic:  2/25       EV: 15    Int: 20    God:    Dithmenos [***...]
Gold:   893        SH:  0    Dex: 17    Spells: 5/28 levels left

rFire   . . .        g - +7 dagger of Nufacvoi {vamp, Int+3}
rCold   . . .        (no shield)
rNeg    . . .        E - +2 acid dragon scales
rPois   .            (no helmet)
rElec   .            a - scarf {repulsion}
rCorr   +            (no gloves)
SInv    +            (no boots)
Will    .....        (no amulet)
Stlth   +++          j - ring of see invisible
HPRegen 1.13/turn    u - +6 ring of dexterity
MPRegen 0.19/turn

%: repel missiles
@: about to teleport, wreathed by umbra, unable to drink, very slow
A: fangs 1, strong nose, distributed training, regeneration 1, noise
suppression, [frail 2], [weak 2], [no potion heal 2], [inability to drink after
injury 2]
a: Renounce Religion, Shadow Step


You were on level 3 of the Abyss.
You worshipped Dithmenos.
Dithmenos was most pleased with you.
You visited 3 branches of the dungeon, and saw 15 of its levels.
You visited the Abyss 1 time.
You also visited: Gauntlet.

You collected 893 gold pieces.

Inventory:

Hand Weapons
 g - the +7 dagger of Nufacvoi (weapon) {vamp, Int+3}
   (You took it off Eustachio on level 4 of the Dungeon)

   Int:       It affects your intelligence (+3).
Missiles
 k - 30 poisoned darts
 r - 15 boomerangs
Armour
 a - a scarf of repulsion (worn)
 E - +2 acid dragon scales (worn)
Magical Staves
 d - a staff of poison
 i - a staff of air
Jewellery
 j - a ring of see invisible (left hand)
 u - a +6 ring of dexterity (right hand)
 x - a ring of fire
 C - a +6 ring of dexterity
Wands
 h - a wand of paralysis (10)
 m - a wand of iceblast (11)
 n - a wand of flame (24)
 s - a wand of mindburst (7)
 y - a wand of acid (5)
Scrolls
 b - 2 scrolls of teleportation
 f - a scroll of magic mapping
 l - a scroll of fog {unknown}
 p - 3 scrolls of enchant weapon
 t - 2 scrolls of amnesia
 D - a scroll of summoning {unknown}
Potions
 c - 2 potions of lignification
 e - 2 potions of flight
 o - a potion of haste
 q - 3 potions of curing
 v - a potion of invisibility
 w - 5 potions of brilliance
 z - 2 potions of magic


   Skills:
 + Level 10.3 Fighting
 + Level 7.9 Short Blades
 + Level 7.9 Long Blades
 + Level 7.9 Axes
 + Level 7.9 Maces & Flails
 + Level 7.9 Polearms
 + Level 7.9 Staves
 + Level 7.9 Ranged Weapons
 + Level 7.9 Throwing
 + Level 7.9 Armour
 + Level 7.9 Dodging
 + Level 7.9 Stealth
 + Level 7.9 Shields
 + Level 8.4 Unarmed Combat
 + Level 8.4 Spellcasting
 + Level 6.6 Conjurations
 + Level 6.6 Hexes
 + Level 6.6 Summonings
 + Level 6.6 Necromancy
 + Level 6.6 Translocations
 + Level 6.6 Transmutations
 + Level 6.6 Fire Magic
 + Level 6.6 Ice Magic
 + Level 8.6 Air Magic
 + Level 6.6 Earth Magic
 + Level 6.6 Poison Magic
 + Level 8.7 Invocations
 + Level 9.2 Evocations


You had 5 spell levels left.
You knew the following spells:

 Your Spells              Type           Power      Damage    Failure   Level
a - Dispel Undead         Necr           34%        3d15      9%          4
b - Static Discharge      Conj/Air       78%        2-6/arc   1%          2
c - Summon Lightning Spi  Summ/Air       39%        N/A       5%          4
d - Gell's Gravitas       Tloc           34%        N/A       2%          3
e - Stone Arrow           Conj/Erth      68%        3d11      2%          3
f - Sticky Flame          Conj/Fire      34%        2d5       9%          4
g - Teleport Other        Tloc           34%        N/A       2%          3

Your spell library contained the following spells:

 Spells                   Type           Power      Damage    Failure   Level
 Kiss of Death            Conj/Necr      100%       2d13      1%          1
 Shock                    Conj/Air       100%       1d9       1%          1
 Blink                    Tloc           68%        N/A       1%          2
 Cigotuvi's Dreadful Rot  Necr/Pois/Air  74%        N/A       1%          2
 Lesser Beckoning         Tloc           68%        N/A       1%          2
 Momentum Strike          Conj/Tloc      68%        3d9       1%          2
 Ignite Poison            Fire/Tmut/Pois 34%        N/A       2%          3
 Inner Flame              Hex/Fire       34%        N/A       2%          3
 Ozocubu's Armour         Ice            34%        N/A       2%          3
 Manifold Assault         Tloc           34%        N/A       9%          4
 Alistair's Intoxication  Tmut/Pois      22%        N/A       24%         5
 Fireball                 Conj/Fire      17%        3d9       24%         5
 Yara's Violent Unravell  Hex/Tmut       17%        3d8       24%         5
 Death Channel            Necr           17%        N/A       80%         6
 Dispersal                Tloc           17%        N/A       80%         6
 Enfeeble                 Hex            17%        N/A       100%        7
 Ozocubu's Refrigeration  Ice            17%        4d11      100%        7
 Disjunction              Tloc           17%        N/A       100%        8
 Ignition                 Fire           17%        3d7       100%        8


Dungeon Overview and Level Annotations

Branches:
Dungeon (13/15)            Temple (1/1) D:4            Lair (1/5) D:8
    Orc (0/2) D:11        Gauntlet (visited)
 Vaults: D:13-14

Altars:
Ashenzari
Cheibriados
Dithmenos
Elyvilon
Fedhas
Gozag
Hepliaklqana
Kikubaaqudgha
Makhleb
Nemelex Xobeh
Okawaru
Qazlal
Ru
Sif Muna
Trog
Uskayaw
Vehumet
Wu Jian
Xom
Yredelemnul
Zin
The Shining One

Annotations:
D:11 2 transporters Gauntlet 9 transporters


Innate Abilities, Weirdness & Mutations

You have very sharp teeth.
Your uncanny sense of smell can sniff out nearby items.
Your experience applies equally to all skills.
Your natural rate of healing is unusually fast.
You passively dampen the noise of your surroundings.
[You are very frail. (-20% HP)]
[You are very weak. (Str -4)]
[Potions cannot restore your health.]
[You sometimes lose the ability to drink potions when taking damage.]


Message History

* * * LOW HITPOINT WARNING * * *
Splash!
As you read the scroll of teleportation, it crumbles to dust.
You feel strangely unstable.
You feel the power of the Abyss delaying your translocation!
The wretched star glows turbulently.
The lance of force misses you.
Aiming: Stone Arrow (mildly dangerous; 2% risk of failure)
Press: ? - help, Q - select action, (/) - cycle Shift-Dir - straight line, f/p - wretched star
Aim: a wretched star (moderately damaged, umbra, 74% to hit)
The stone arrow hits the wretched star!!
The wretched star is heavily damaged.
Aiming: Stone Arrow (mildly dangerous; 2% risk of failure)
Press: ? - help, Q - select action, (/) - cycle Shift-Dir - straight line, f/p - wretched star
Aim: a wretched star (heavily damaged, umbra, 74% to hit)
The stone arrow hits the wretched star!
The wretched star is severely damaged.
The wretched star pulses with an eldritch light!
You feel weaker. x2
Aiming: Stone Arrow (mildly dangerous; 2% risk of failure)
Press: ? - help, Q - select action, (/) - cycle Shift-Dir - straight line, f/p - wretched star
Aim: a wretched star (severely damaged, umbra, 74% to hit)
The stone arrow hits the wretched star!
The wretched star is almost destroyed.
The wretched star pulses with an eldritch light!
Your system partially rejects the healing effects of potions.
Your system completely rejects the healing effects of potions.
You don't have enough magic to cast this spell.
Unknown command.
You hit the wretched star.
The wretched star is almost destroyed.
Your unstable footing causes you to fumble your attack.
The wretched star pulses with an eldritch light!
You occasionally lose the ability to drink potions when taking damage.
You lose the ability to drink potions when taking damage more often.
Your unstable footing causes you to fumble your attack.
The wretched star glows turbulently.
The lance of force hits you!!
You feel threatened and lose the ability to drink potions!
You die...

. ### #.
#@# #.
#*# # ..
#.# ..
##.## #
#.~
⌠.⌠#.#
..∩..
#..#⌠.⌠
~.#
..##~####
.. #~#


You could see a wretched star.

Vanquished Creatures
  A hydra (D:11)
  A boulder beetle (Lair:1)
  3 two-headed ogres
  Nergalle (D:10)
  An oklob plant (Gauntlet)
  4 komodo dragons
  A troll (D:11)
  Prince Ribbit (D:8)
  Grinder (D:6)
  A hornet (D:11)
  4 water elementals (Abyss:3)
  2 wraiths
  3 wyverns
  A vampire (D:11)
  Eustachio (D:4)
  2 shadows
  9 yaks
  2 steam dragons
  Edmund (D:6)
  5 acid dragons
  2 water moccasins
  An orc warrior (D:9)
  An ogre (D:3)
  2 sky beasts
  2 ice beasts
  3 black bears
  4 wolves (Lair:1)
  A centaur (D:9)
  2 kobold brigands
  2 bullfrogs
  2 earth elementals (Abyss:3)
  A gnoll sergeant (D:10)
  A scorpion (D:7)
  5 wights (D:8)
  10 killer bees
  5 howler monkeys
  11 orc priests
  A gnoll bouda (D:5)
  2 hounds
  6 orc wizards
  4 iguanas
  2 sleepcaps
  8 adders
  5 gnolls
  A shadow imp (D:5)
  A white imp (D:6)
  2 ufetubi (D:5)
  A worm (D:3)
  A dart slug (D:1)
  35 orcs
  3 bats
  6 endoplasms
  5 giant cockroaches
  15 goblins
  11 hobgoblins
  9 jackals
  4 quokkas
  6 ball pythons
  2 frilled lizards
  8 kobolds
  3 rats
241 creatures vanquished.

Vanquished Creatures (collateral kills)
  A yak (D:11)
  An acid dragon (Gauntlet)
  3 orc warriors
  An ogre (D:6)
  3 wolves (Lair:1)
  3 wights (D:5)
  An orc wizard (D:5)
  2 gnolls (D:5)
  2 orcs
17 creatures vanquished.

Grand Total: 258 creatures vanquished

Notes
Turn   | Place    | Note
-------+----------+-------------------------------------------
     0 | D:1      | GimliDwarf the Gnoll Wanderer began the quest for the Orb.
     0 | D:1      | GimliDwarf set off with the following items: a +0 club, a
                  | scroll of teleportation, a potion of lignification, a +0
                  | robe, a potion of curing; and the following spell
                  | memorised: Shock; and the following spells available to
                  | memorise: Static Discharge, Summon Lightning Spire.
     0 | D:1      | Reached XP level 1. HP: 23/23 MP: 4/4
   212 | D:1      | Reached XP level 2. HP: 28/29 MP: 2/5
   517 | D:1      | Reached XP level 3. HP: 35/35 MP: 5/7
   816 | D:1      | Reached skill level 1 in Invocations
   973 | D:1      | Learned a level 2 spell: Static Discharge
  1165 | D:2      | Reached skill level 1 in Short Blades
  1165 | D:2      | Reached skill level 1 in Long Blades
  1165 | D:2      | Reached skill level 1 in Axes
  1165 | D:2      | Reached skill level 1 in Maces & Flails
  1165 | D:2      | Reached skill level 1 in Polearms
  1165 | D:2      | Reached skill level 1 in Staves
  1165 | D:2      | Reached skill level 1 in Ranged Weapons
  1165 | D:2      | Reached skill level 1 in Throwing
  1165 | D:2      | Reached skill level 1 in Armour
  1165 | D:2      | Reached skill level 1 in Dodging
  1165 | D:2      | Reached skill level 1 in Stealth
  1165 | D:2      | Reached skill level 1 in Shields
  1418 | D:2      | Reached XP level 4. HP: 28/41 MP: 2/8
  1987 | D:3      | Reached skill level 1 in Conjurations
  1987 | D:3      | Reached skill level 1 in Hexes
  1987 | D:3      | Reached skill level 1 in Summonings
  1987 | D:3      | Reached skill level 1 in Necromancy
  1987 | D:3      | Reached skill level 1 in Translocations
  1987 | D:3      | Reached skill level 1 in Transmutations
  1987 | D:3      | Reached skill level 1 in Fire Magic
  1987 | D:3      | Reached skill level 1 in Ice Magic
  1987 | D:3      | Reached skill level 1 in Earth Magic
  1987 | D:3      | Reached skill level 1 in Poison Magic
  3082 | D:4      | Reached XP level 5. HP: 20/47 MP: 2/9
  3187 | D:4      | Noticed a black bear
  3187 | D:4      | Noticed an ogre
  3368 | D:4      | Noticed Eustachio
  3698 | D:3      | Killed a black bear
  3699 | D:3      | Reached skill level 5 in Evocations
  3699 | D:3      | Reached XP level 6. HP: 6/53 MP: 6/11
  3961 | D:4      | Noticed an ice beast
  4122 | D:3      | Gained mutation: [You are frail. (-10% HP)] [potion of
                  | mutation]
  4122 | D:3      | Gained mutation: You are resistant to electric shocks.
                  | (rElec) [potion of mutation]
  4123 | D:3      | Lost mutation: [You are frail. (-10% HP)] [potion of
                  | mutation]
  4123 | D:3      | Lost mutation: You are resistant to electric shocks.
                  | (rElec) [potion of mutation]
  4123 | D:3      | Gained mutation: Your natural rate of healing is unusually
                  | fast. [potion of mutation]
  4123 | D:3      | Gained mutation: You passively dampen the noise of your
                  | surroundings. [potion of mutation]
  4131 | D:4      | Noticed a sky beast
  4172 | D:3      | Killed a sky beast
  4322 | D:4      | Killed an ice beast
  4323 | D:4      | Reached skill level 7 in Fighting
  4323 | D:4      | Reached XP level 7. HP: 56/60 MP: 9/12
  4517 | D:4      | Noticed a wyvern
  4598 | D:4      | Paralysed by a goblin for 4 turns
  4623 | D:4      | Identified the +7 dagger of Nufacvoi {vamp, Int+3}
  4648 | D:4      | Killed Eustachio
  4649 | D:4      | Reached XP level 8. HP: 67/67 MP: 1/14
  4811 | D:4      | Killed a wyvern
  4963 | D:4      | Found an ornate altar of the Wu Jian Council.
  5011 | D:4      | Found a staircase to the Ecumenical Temple.
  5167 | Temple   | Entered the Ecumenical Temple
  5295 | Temple   | Became a worshipper of Dithmenos the Shadowed
  5322 | D:4      | Learned a level 4 spell: Summon Lightning Spire
  5323 | D:5      | Entered Level 5 of the Dungeon
  7052 | D:6      | Got the Precepts of Rancid Percussion
  7337 | D:6      | Noticed Edmund
  7347 | D:6      | Killed Edmund
  7348 | D:6      | Reached XP level 9. HP: 57/73 MP: 4/16
  7430 | D:6      | Noticed Grinder
  7430 | D:6      | Paralysed by Grinder for 3 turns
  7459 | D:6      | Killed Grinder
  7460 | D:6      | Reached skill level 5 in Spellcasting
  7578 | D:6      | Reached * piety under Dithmenos
  7690 | D:6      | Reached skill level 5 in Unarmed Combat
  8109 | D:7      | Learned a level 3 spell: Gell's Gravitas
  8113 | D:7      | Learned a level 3 spell: Stone Arrow
  8118 | D:7      | Learned a level 4 spell: Sticky Flame
  8261 | D:7      | Reached skill level 8 in Fighting
  8461 | D:8      | Noticed Prince Ribbit
  8558 | D:8      | Killed Prince Ribbit
  8559 | D:8      | Reached skill level 5 in Invocations
  9056 | D:8      | Reached skill level 5 in Short Blades
  9056 | D:8      | Reached skill level 5 in Long Blades
  9056 | D:8      | Reached skill level 5 in Axes
  9056 | D:8      | Reached skill level 5 in Maces & Flails
  9056 | D:8      | Reached skill level 5 in Polearms
  9056 | D:8      | Reached skill level 5 in Staves
  9056 | D:8      | Reached skill level 5 in Ranged Weapons
  9056 | D:8      | Reached skill level 5 in Throwing
  9056 | D:8      | Reached skill level 5 in Armour
  9056 | D:8      | Reached skill level 5 in Dodging
  9056 | D:8      | Reached skill level 5 in Stealth
  9056 | D:8      | Reached skill level 5 in Shields
  9056 | D:8      | Reached XP level 10. HP: 81/81 MP: 10/18
  9320 | D:8      | Found a staircase to the Lair.
  9651 | D:9      | Reached ** piety under Dithmenos
  9652 | D:9      | Noticed a two-headed ogre
  9668 | D:9      | Killed a two-headed ogre
  9945 | D:9      | Found a snail-covered altar of Cheibriados.
  9945 | D:9      | Found a burning altar of Makhleb.
  9945 | D:9      | Found an iron altar of Okawaru.
 10270 | D:9      | Found a blossoming altar of Fedhas.
 10271 | D:9      | Found a broken altar of Ashenzari.
 10348 | D:9      | Found a white marble altar of Elyvilon.
 10583 | D:9      | Found a bloodstained altar of Trog.
 10778 | D:10     | Entered Level 10 of the Dungeon
 11099 | D:10     | Reached *** piety under Dithmenos
 11132 | D:10     | Reached skill level 9 in Fighting
 11143 | D:10     | Reached skill level 5 in Conjurations
 11143 | D:10     | Reached skill level 5 in Hexes
 11143 | D:10     | Reached skill level 5 in Summonings
 11143 | D:10     | Reached skill level 5 in Necromancy
 11143 | D:10     | Reached skill level 5 in Translocations
 11143 | D:10     | Reached skill level 5 in Transmutations
 11143 | D:10     | Reached skill level 5 in Fire Magic
 11143 | D:10     | Reached skill level 5 in Ice Magic
 11143 | D:10     | Reached skill level 5 in Earth Magic
 11143 | D:10     | Reached skill level 5 in Poison Magic
 11413 | D:10     | Noticed Nergalle
 11422 | D:10     | Killed Nergalle
 11423 | D:10     | Reached XP level 11. HP: 85/89 MP: 3/21
 11878 | D:10     | Learned a level 4 spell: Dispel Undead
 11882 | D:10     | Learned a level 3 spell: Teleport Other
 11895 | D:11     | Noticed a two-headed ogre
 11906 | D:11     | Killed a two-headed ogre
 12063 | D:11     | Found a staircase to the Orcish Mines.
 12065 | D:11     | You fall into a shaft and drop 2 floors!
 12066 | D:13     | Noticed a purple ugly thing
 12093 | D:13     | Noticed a white ugly thing
 13562 | D:11     | Reached skill level 10 in Fighting
 13562 | D:11     | Reached XP level 12. HP: 97/97 MP: 22/24
 13579 | D:11     | Noticed a two-headed ogre
 13591 | D:11     | Killed a two-headed ogre
 13709 | D:11     | Found a transporter.
 13712 | D:11     | Noticed an orc high priest
 13720 | D:11     | Noticed an eight-headed hydra
 13730 | D:11     | Killed an eight-headed hydra
 13884 | D:11     | Found a transporter.
 14362 | Lair:1   | Entered Level 1 of the Lair of Beasts
 14591 | Lair:1   | Noticed a boulder beetle
 14599 | Lair:1   | Killed a boulder beetle
 14643 | Lair:1   | Found a gate leading to a gauntlet.
 14669 | Gauntlet | Entered a Gauntlet
 14669 | Gauntlet | Found a transporter.
 14669 | Gauntlet | Found a transporter.
 14669 | Gauntlet | Found a transporter.
 14691 | Gauntlet | Found a transporter.
 14701 | Gauntlet | Found a transporter.
 14704 | Gauntlet | Found a transporter.
 14722 | Gauntlet | Found a transporter.
 14739 | Gauntlet | Found a transporter.
 14742 | Gauntlet | Found a transporter.
 14745 | Gauntlet | Found a transporter.
 14753 | Gauntlet | Found a transporter.
 14756 | Gauntlet | Found a transporter.
 14793 | Gauntlet | Found a runed translucent door.
 15050 | Abyss:3  | Found a corrupted altar of Lugonu.
 15050 | Abyss:3  | Cast into level 3 of the Abyss (a wizard)
 15103 | Abyss:3  | Noticed an angel
 15122 | Abyss:3  | Reached XP level 13. HP: 103/103 MP: 25/25
 15199 | Abyss:3  | Killed from afar by a wretched star

Illustrated notes

Levels and vault maps discovered:
D:1:      dpeg_arrival_solitude, layout_basic
D:2:      layout_rooms
D:3:      minmay_wonky_spiral, layout_loops_corners,
          nicolae_kite_square_tiling_tiny
D:4:      layout_cave_pools, nzn_wu_jian_council_hall,
          minmay_temple_entry_drinking_statues, minmay_misc_feat_columns,
          uniq_eustachio
D:5:      layout_layer_cave, serial_glass, glass_columns_a, glass_columns_a
D:6:      layout_basic, reono_crystal_passage, roderic_serpentine_path,
          uniq_edmund, uniq_grinder
D:7:      layout_gridville
D:8:      layout_basic, dpeg_oklobed_lair,
          nicolae_concentric_dashed_squares_mild, uniq_prince_ribbit1
D:9:      layout_basic, grunt_temple_overflow_open, trog_hazing_becter
D:10:     layout_long_grid, uniq_nergalle
D:11:     gammafunk_wand_slinger, layout_stronghold
D:12:     layout_stronghold, enter_trove_3
D:13:     layout_loops_ring, ximxim_vaults_locker_room,
          portal_ice_cave_entry_pillars_2, uniq_nessos, uniq_josephine,
          uniq_sonja
Temple:   nicolae_temple_great_sept
Lair:1:   layout_chaotic_city, gauntlet_entry_generic, nzn_sisyphean_effort,
          uniq_harold
Abyss:3:  base: Temple, evilmike_abyss_exit_mutagenic,
          hangedman_abyss_mock_shop, hangedman_abyss_mock_shop
Gauntlet: minmay_gauntlet_mixed_big_or_small [nicolae_gauntlet_swirl,
          minmay_gauntlet_arena_77_double_cross, gammafunk_gauntlet_arena_grid,
          minmay_gauntlet_arena_77_path, gammafunk_gauntlet_arena_crates,
          minmay_gauntlet_arena_77_terracotta_army, gauntlet_exit_hidden_loot]

Skill      XL: |  1  2  3  4  5  6  7  8  9 10 11 12 |
---------------+-------------------------------------+-----
Invocations    | 1 2 3 4 5 6 8 |  8.7
Short Blades   | 1 2 3 5 6 7 |  7.9
Long Blades    | 1 2 3 5 6 7 |  7.9
Axes           | 1 2 3 5 6 7 |  7.9
Maces & Flails | 1 2 3 5 6 7 |  7.9
Polearms       | 1 2 3 5 6 7 |  7.9
Staves         | 1 2 3 5 6 7 |  7.9
Ranged Weapons | 1 2 3 5 6 7 |  7.9
Throwing       | 1 2 3 5 6 7 |  7.9
Armour         | 1 2 3 5 6 7 |  7.9
Dodging        | 1 2 3 5 6 7 |  7.9
Stealth        | 1 2 3 5 6 7 |  7.9
Shields        | 1 2 3 5 6 7 |  7.9
Spellcasting   | 3 4 5 6 8 |  8.4
Conjurations   | 1 2 3 4 5 6 |  6.6
Hexes          | 1 2 3 4 5 6 |  6.6
Summonings     | 1 2 3 4 5 6 |  6.6
Necromancy     | 1 2 3 4 5 6 |  6.6
Translocations | 1 2 3 4 5 6 |  6.6
Transmutations | 1 2 3 4 5 6 |  6.6
Fire Magic     | 1 2 3 4 5 6 |  6.6
Ice Magic      | 1 2 3 4 5 6 |  6.6
Earth Magic    | 1 2 3 4 5 6 |  6.6
Poison Magic   | 1 2 3 4 5 6 |  6.6
Unarmed Combat | 3 4 5 6 8 |  8.4
Evocations     | 5 6 7 8 9 |  9.2
Fighting       | 7 8 9 10 | 10.3
Air Magic      | 6 7 8 |  8.6

Action                     |  1- 3 |  4- 6 |  7- 9 | 10-12 | 13-15 || total
---------------------------+-------+-------+-------+-------+-------++-------
  Melee: Staff             |    62 |    63 |    69 |    23 |       ||   217
         Bite              |     6 |     6 |    16 |    53 |     4 ||    85
         Punch             |     1 |     1 |     3 |    17 |     4 ||    26
         Dagger            |       |       |    46 |   324 |    34 ||   404
  Throw: Dart              |       |    15 |    12 |    12 |       ||    39
         Boomerang         |       |       |       |     2 |     1 ||     3
   Cast: Shock             |    60 |    84 |   148 |    22 |       ||   314
         Static Discharge  |       |     1 |     7 |     3 |       ||    11
         Summon Lightning  |       |       |     7 |     9 |     1 ||    17
         Stone Arrow       |       |       |     7 |    53 |     8 ||    68
         Sticky Flame      |       |       |     1 |     6 |       ||     7
         Gell's Gravitas   |       |       |       |    13 |       ||    13
         Dispel Undead     |       |       |       |     3 |       ||     3
         Teleport Other    |       |       |       |       |     1 ||     1
  Evoke: Wand              |       |       |    12 |    10 |       ||    22
    Use: Scroll            |       |     8 |     8 |    10 |     1 ||    27
         Potion            |       |     4 |       |     5 |     1 ||    10
   Stab: Sleeping          |     1 |       |     5 |    10 |     4 ||    20
         Paralysed         |       |       |     9 |     4 |       ||    13
         Distracted        |       |       |       |     2 |       ||     2
 Armour: Robe              |    22 |    27 |    33 |    15 |       ||    97
         Acid dragon scale |       |       |       |    41 |     1 ||    42
  Dodge: Dodged            |    46 |    69 |   145 |   293 |    12 ||   565
         Repelled          |       |       |       |     1 |       ||     1
